 Dungeon Crawl Stone Soup version 0.18.1-50-g88ac8fd (webtiles) character file.

214 magog001 the Shield-Bearer (level 5, -2/33 HPs)
             Began as a Gargoyle Fighter on Dec 16, 2018.
             Slain by an orc
             ... wielding a +0 trident
              (6 damage)
             ... on level 3 of the Dungeon.
             The game lasted 00:16:30 (3340 turns).

magog001 the Shield-Bearer (Gargoyle Fighter)       Turns: 3340, Time: 00:16:31

Health: -2/33      AC: 11    Str: 25 (26) XL:     5   Next: 91%
Magic:  5/5        EV:  8    Int:  5 (8)  God:
Gold:   181        SH: 10    Dex:  8 (9)  Spells: 0 memorised, 4 levels left

rFire  + . .     SeeInvis .     a - +0 flail
rCold  + . .     Gourm    .     b - +0 scale mail
rNeg   + . .     Faith    .     c - +0 shield
rPois  ∞         Spirit   .     (no helmet)
rElec  +         Dismiss  .     (no cloak)
rCorr  +         Reflect  .     (no gloves)
SustAt .         Harm     .     (no boots)
MR     .....                    (no amulet)
Stlth  ..........               (no ring)
                                (no ring)

@: mighty, resistant, not resistant to hostile enchantments, extremely
unstealthy
A: negative energy resistance 1, electricity resistance, unbreathing,
petrification resistance, rot immunity, AC +4
a: no special abilities


You were on level 3 of the Dungeon.
You were hungry.

You visited 1 branch of the dungeon, and saw 3 of its levels.

You collected 181 gold pieces.

Inventory:

Hand Weapons
 a - a +0 flail (weapon)
Missiles
 f - 86 sling bullets
Armour
 b - a +0 scale mail (worn)
 c - a +0 shield (worn)
Wands
 r - a wand of polymorph (9/24)
Scrolls
 e - a scroll of remove curse
 o - a scroll of amnesia {unknown}
 p - a scroll of enchant armour {unknown}
 q - a scroll of teleportation
Potions
 d - 2 potions of might
 i - a potion of heal wounds {unknown}
 j - 2 potions of mutation {unknown}
 k - a potion of curing {unknown}
 m - a potion of ambrosia {unknown}
Comestibles
 g - a slice of pizza
 l - 4 bread rations
 n - 3 fruits
 s - a meat ration


   Skills:
 * Level 4.1 Fighting
 * Level 3.0 Maces & Flails
 * Level 4.6 Armour
 * Level 4.9 Shields


You had 4 spell levels left.
You didn't know any spells.

Dungeon Overview and Level Annotations

Branches:
Dungeon (3/15)

Altars:


Innate Abilities, Weirdness & Mutations

You are resistant to torment.
Your stone body is resilient (AC +4).
You are immune to poison.
You resist negative energy.
You are resistant to electric shocks.
You can survive without breathing.
You are immune to petrification.
You are immune to rotting.


Message History

Drink which item? (? for menu, Esc to quit)
You feel very mighty all of a sudden. The orc hits you but does no damage.
Drink which item? (? for menu, Esc to quit)
You feel protected. You block the orc's attack.
The orc priest invokes the aid of Beogh against you.
Beogh smites you!
* * * LOW HITPOINT WARNING * * *
You closely miss the orc. The orc hits you but does no damage.
You block the orc's attack.
The orc hits you from afar with a trident.
* * * LOW HITPOINT WARNING * * *
You block the orc's attack.
You closely miss the orc. You block the orc's attack. x2
You barely miss the orc.
The orc priest casts a cantrip, but nothing happens.
The orc hits you but does no damage.
The orc hits you from afar with a trident.
You die...

).# #........#
..#
####....<#####
..# ###.......#
..# ###.###.#
.># #.....# ..#
########.##..#
.##
#§§§.....##..##
.#
#§#########o..#
.# #§#
#..@oo..# .#
#§#
###.###...####
.# #§#
#............#
## #.#
#.#.###.####.#
#.# # #.# #.#
#.# #.# #.# #.#
##.# #.# #.# .#
##..# #.#
#.###.#.#...##
#.#


You could see an orc priest and 2 orcs.

Vanquished Creatures
  Jessica (D:3)
  5 gnolls
  8 adders
  An ooze (D:1)
  2 worms
  4 giant geckos
  3 giant cockroaches
  5 hobgoblins
  4 jackals (D:1)
  A quokka (D:2)
  6 bats
  5 giant newts
  7 goblins
  5 kobolds
  5 rats
62 creatures vanquished.

Notes
Turn   | Place    | Note
--------------------------------------------------------------
     0 | D:1      | magog001 the Gargoyle Fighter began the quest for the Orb.
     0 | D:1      | Reached XP level 1. HP: 14/14 MP: 1/1
   271 | D:1      | Reached XP level 2. HP: 16/19 MP: 2/2
   464 | D:1      | Reached XP level 3. HP: 24/24 MP: 3/3
  1075 | D:2      | Reached XP level 4. HP: 23/29 MP: 4/4
  1775 | D:2      | Reached XP level 5. HP: 27/33 MP: 5/5
  2695 | D:3      | Noticed Jessica
  2704 | D:3      | Killed Jessica
  3340 | D:3      | Slain by an orc

Skill      XL: |  1  2  3  4  5 |
---------------+----------------+-----
Armour         | 4 |  4.6
Shields        | 4 |  4.9
Fighting       | 4 |  4.1
Maces & Flails | 3 |  3.0

Action                   |  1- 3 |  4- 6 || total
-------------------------+-------+-------++-------
Melee: Flail             |   140 |   184 ||   324
  Use: Scroll            |       |     4 ||     4
       Potion            |       |     4 ||     4
  Eat: Pizza             |     1 |       ||     1
       Bread ration      |       |     1 ||     1
       Chunk             |       |     2 ||     2
Armor: Scale mail        |    99 |   112 ||   211
Dodge: Dodged            |    58 |    71 ||   129
Block: Shield            |    90 |   109 ||   199
